 Dungeon Crawl Stone Soup version 0.22.1-2-g9c5b331383 (webtiles) character file.

22157 Jerry the Cleaver (level 12, -4/107 HPs)
             Began as a Ghoul Gladiator on Nov 23, 2018.
             Was a High Priest of Okawaru.
             Splashed by an oklob plant's acid (7 damage)
             ... on level 4 of the Lair of Beasts.
             The game lasted 01:01:39 (13382 turns).

Jerry the Cleaver (Ghoul Gladiator)                Turns: 13382, Time: 01:01:40

Health: -4/107     AC: 18    Str: 21    XL:     12   Next: 97%
Magic:  17/17      EV: 11    Int:  5    God:    Okawaru [*****.]
Gold:   751        SH:  6    Dex: 10    Spells: 11/11 levels left

rFire    . . .     SeeInvis .   p - +3 hand axe (freeze)
rCold    + + .     Gourm    .   A - +0 buckler
rNeg     + + +     Faith    .   D - +4 chain mail
rPois    ∞         Spirit   .   c - +0 helmet
rElec    .         Reflect  .   Y - +2 cloak {rC+}
rCorr    +         Harm     .   C - +1 pair of gloves {archery}
MR       .....                  y - +0 pair of boots
Stlth    ..........             (no amulet)
HPRegen  0.00/turn              s - +4 ring of protection
MPRegen  0.15/turn              q - ring of resist corrosion

@: heroism, corroded, rotting, studying Ice Magic
A: rotting body, claws 1, carnivore, cold resistance 1, negative energy
resistance 3, inhibited regeneration, torment resistance, unbreathing
a: Heroism, Finesse, Renounce Religion


You were on level 4 of the Lair of Beasts.
You worshipped Okawaru.
Okawaru was extremely pleased with you.
You were not hungry.

You visited 3 branches of the dungeon, and saw 16 of its levels.
You also visited: Labyrinth, Sewer, Ossuary and Ice Cave.

You collected 842 gold pieces.
You spent 91 gold pieces at shops.

Inventory:

Hand Weapons
 p - a +3 hand axe of freezing (weapon)
 L - a +2 whip of flaming
 X - a +1 battleaxe of chopping
Missiles
 d - a throwing net (quivered)
Armour
 a - a +0 cloak
 c - a +0 helmet (worn)
 m - a +2 chain mail of fire resistance
 y - a +0 pair of boots (worn)
 A - a +0 buckler (worn)
 C - a +1 pair of gloves of archery (worn)
 D - a +4 chain mail (worn)
 Y - a +2 cloak of cold resistance (worn)
Magical Staves
 W - an uncursed staff of cold
Jewellery
 q - a ring of resist corrosion (right hand)
 s - a +4 ring of protection (left hand)
Wands
 n - a wand of iceblast (42)
 G - a wand of digging (20)
 K - a wand of disintegration (29)
 M - a wand of scattershot (5)
 N - a wand of acid (15)
 O - a wand of random effects (46)
 T - a wand of enslavement (12)
 U - a wand of polymorph (36)
Scrolls
 e - 5 scrolls of magic mapping
 g - 3 scrolls of fog
 h - 8 scrolls of identify
 k - 7 scrolls of immolation
 l - 10 scrolls of remove curse
 r - 13 scrolls of teleportation
 v - a scroll of enchant armour
 I - a scroll of enchant weapon
 J - a scroll of fear
 Q - 2 scrolls of amnesia
 R - a scroll of blinking
Potions
 b - 2 potions of heal wounds
 i - 7 potions of might
 j - 3 potions of magic {unknown}
 o - 13 potions of curing
 u - 2 potions of haste {unknown}
 w - 4 potions of brilliance {unknown}
 x - 2 potions of invisibility {unknown}
 z - 2 potions of ambrosia {unknown}
 B - a potion of degeneration {unknown}
 E - 5 potions of flight {unknown}
 F - 2 potions of lignification {unknown}
 H - a potion of mutation {unknown}
 S - a potion of agility {unknown}
 V - a potion of cancellation {unknown}
Books
 t - a manual of Ice Magic
 P - a manual of Ice Magic
Comestibles
 f - 28 rations
 Z - 5 chunks of flesh


   Skills:
 + Level 10.4(15.4) Fighting
 * Level 12.2(17.2) Axes
 - Level 1.7(6.7) Throwing
 + Level 9.1(14.1) Armour
 - Level 2.6(7.6) Dodging
 - Level 1.8(6.8) Stealth
 - Level 4.5(9.5) Shields
 + Level 9.1 Invocations


You had 11 spell levels left.
You didn't know any spells.
Your spell library contained the following spells:

 Spells                   Type           Power        Failure   Level  Hunger
 Animate Skeleton         Necr           N/A          95%         1    ##.....
 Apportation              Tloc           #.....       95%         1    ##.....
 Confusing Touch          Hex            #.....       95%         1    ##.....
 Corona                   Hex            #......      95%         1    ##.....
 Freeze                   Ice            #...         95%         1    ##.....
 Shock                    Conj/Air       #...         95%         1    ##.....
 Summon Small Mammal      Summ           #...         95%         1    ##.....
 Blink                    Tloc           N/A          99%         2    ###....
 Shroud of Golubria       Chrm/Tloc      #.........   99%         2    ###....
 Swiftness                Chrm/Air       #.......     99%         2    ###....
 Throw Frost              Conj/Ice       #.....       99%         2    ###....
 Gell's Gravitas          Tloc           #.........   100%        3    ####...
 Inner Flame              Hex/Fire       #.......     100%        3    ####...
 Lesser Beckoning         Tloc           #.........   100%        3    ####...
 Ozocubu's Armour         Chrm/Ice       #.......     100%        3    ####...
 Static Discharge         Conj/Air       #.......     100%        3    ####...
 Teleport Other           Tloc           #.......     100%        3    ####...
 Airstrike                Air            #.........   100%        4    #####..
 Leda's Liquefaction      Hex/Erth       #.........   100%        4    #####..
 Passage of Golubria      Tloc           N/A          100%        4    #####..
 Summon Ice Beast         Ice/Summ       #.......     100%        4    #####..
 Throw Icicle             Conj/Ice       #.......     100%        4    #####..
 Lightning Bolt           Conj/Air       #.........   100%        5    ######.
 Metabolic Englaciation   Hex/Ice        #.........   100%        5    ######.


Dungeon Overview and Level Annotations

Branches:
Dungeon (11/15)            Temple (1/1) D:6            Lair (4/6) D:8
  Swamp: Lair:2-4    Shoals: Lair:2-4     Snake: Lair:2-4    Spider: Lair:2-4
    Orc: D:9-12

Altars:
Ashenzari
Cheibriados
Dithmenos
Elyvilon
Fedhas
Gozag
Hepliaklqana
Kikubaaqudgha
Makhleb
Nemelex Xobeh
Okawaru
Qazlal
Ru
Sif Muna
Trog
Uskayaw
Vehumet
Wu Jian
Xom
Yredelemnul
Zin
The Shining One

Shops:
D:4 (   D:6 !   D:8 *   D:9 *%

Annotations:
Lair:4 exclusion: 2 oklob plants


Innate Abilities, Weirdness & Mutations

Your body is rotting away.
You thrive on raw meat.
You are immune to poison.
You have sharp fingernails.
You are carnivorous and can eat meat at any time.
Your flesh is cold resistant. (rC+)
You are immune to negative energy. (rN+++)
You do not regenerate when monsters are visible.
You are immune to unholy pain and torment.
You can survive without breathing.


Message History

* * * LOW HITPOINT WARNING * * *
You hit the oklob plant. You freeze the oklob plant.
You destroy the oklob plant!
Okawaru accepts your kill.
You slash the plant! You freeze the plant. The oklob plant spits acid at you.
The splash of acid hits you! You resist.
* * * LOW HITPOINT WARNING * * *
The acid corrodes you!
You are splashed with acid!
The acid burns!
You resist.
* * * LOW HITPOINT WARNING * * *
The oklob plant spits acid at you. The splash of acid hits you! You resist.
* * * LOW HITPOINT WARNING * * *
You are splashed with acid!
The acid burns!
You resist.
* * * LOW HITPOINT WARNING * * *
The oklob plant spits acid at you. The splash of acid hits you! You resist.
* * * LOW HITPOINT WARNING * * *
You are splashed with acid!
The acid burns!
You resist.
You die...

............................#
...........>................#
............................#
..............÷.............#
..............÷.............#
#...........................#
....<.......................#
..#.........................#
................@...........#
#..#P.PP#.#P#..###.#......###
..############## ##.#.PPP#.
.#.# ##.$.P"# #### ##$...# #
#$P).# #.$.$# ####.# #.#


You could see an oklob plant.

Vanquished Creatures
  A minotaur (Lab)
  A hydra (Lair:4)
  A two-headed ogre (D:10)
  Pikel (D:7)
  A necromancer (IceCv)
  An oklob plant (Lair:4)
  A black mamba (Lair:2)
  An ice statue (IceCv)
  Psyche (D:8)
  4 spiny frogs
  A komodo dragon (Lair:1)
  10 freezing wraiths (IceCv)
  2 trolls
  A hornet (D:9)
  Grinder (D:6)
  6 hippogriffs
  2 wyverns (D:9)
  12 yaks
  A human (D:8)
  3 basilisks
  Grum (D:8)
  4 hogs (D:8)
  A death yak simulacrum (IceCv)
  16 water moccasins
  A soldier ant (D:11)
  A porcupine (Lair:1)
  6 ice beasts (IceCv)
  An orc warrior (D:9)
  A black bear (Lair:1)
  An eye of draining (D:9)
  2 ogres
  An alligator simulacrum (IceCv)
  A phantom (D:4)
  3 centaurs
  10 wolves
  5 crocodiles
  An elf zombie (Ossuary)
  A big kobold (D:7)
  13 bullfrogs
  A scorpion (D:9)
  10 wights
  14 killer bees
  3 howler monkeys
  A bullfrog zombie (D:9)
  4 crimson imps
  A quasit (D:7)
  3 centaur zombies
  4 draconian simulacra (IceCv)
  4 hounds
  3 jellies
  An orc priest (D:6)
  2 centaur skeletons
  2 orc wizards
  3 iguanas
  5 worker ants
  A spriggan simulacrum (IceCv)
  7 troll simulacra (IceCv)
  A wolf simulacrum (IceCv)
  A polar bear simulacrum (IceCv)
  4 big kobold zombies (Ossuary)
  2 centaur simulacra (IceCv)
  4 mummies
  4 gnolls (D:5)
  4 naga simulacra (IceCv)
  16 adders
  2 ogre simulacra (IceCv)
  4 shadow imps
  12 white imps (IceCv)
  4 oozes
  3 adder zombies (Ossuary)
  An adder skeleton (D:7)
  3 worms
  5 dart slugs
  4 leopard geckos
  27 orcs
  3 ball pythons (Sewer)
  2 giant cockroaches
  A gnoll zombie (Ossuary)
  10 goblins
  9 hobgoblins
  9 jackals
  7 kobolds
  6 quokkas
  5 bats
  9 frilled lizards
  A giant cockroach zombie (D:2)
  5 goblin zombies
  4 hobgoblin zombies (Ossuary)
  3 jackal zombies
  4 kobold zombies (Ossuary)
  A leopard gecko skeleton (D:6)
  2 leopard gecko zombies
  3 orc zombies (Ossuary)
  4 quokka zombies (Ossuary)
  10 rats
  2 rat zombies (Ossuary)
  A spectral orc (D:4)
  A fungus (Lair:3)
394 creatures vanquished.

Vanquished Creatures (others)
  A slave (D:7)
  A bullfrog (D:7)
  2 kobolds (D:7)
  A plant (Lair:4)
5 creatures vanquished.

Grand Total: 399 creatures vanquished

Notes
Turn   | Place    | Note
-------+----------+-------------------------------------------
     0 | D:1      | Jerry the Ghoul Gladiator began the quest for the Orb.
     0 | D:1      | Reached XP level 1. HP: 17/17 MP: 0/0
    66 | D:1      | Reached XP level 2. HP: 15/24 MP: 1/1
   218 | D:1      | Reached skill level 3 in Axes
   342 | D:1      | Reached skill level 1 in Stealth
   382 | D:1      | Reached XP level 3. HP: 29/30 MP: 2/2
   640 | D:2      | Found an ancient bone altar of Kikubaaqudgha.
   685 | D:2      | Found a hazy altar of Hepliaklqana.
   764 | D:2      | Reached skill level 1 in Armour
   845 | D:2      | Found a glowing silver altar of Zin.
   984 | D:2      | Found a white marble altar of Elyvilon.
  1028 | D:2      | Reached XP level 4. HP: 35/37 MP: 3/3
  1209 | D:3      | Found a shimmering altar of Xom.
  1376 | D:3      | Found a bloodstained altar of Trog.
  1825 | D:3      | Reached XP level 5. HP: 45/45 MP: 4/4
  1910 | D:4      | Found a shadowy altar of Dithmenos.
  1918 | D:4      | Reached skill level 4 in Axes
  1959 | D:4      | Found Epleitob's Antique Weapon Shoppe.
  1992 | D:4      | Noticed an ogre
  2000 | D:4      | Killed an ogre
  2000 | D:4      | Reached XP level 6. HP: 45/51 MP: 5/5
  2102 | D:4      | Found a sand-covered staircase.
  2121 | Ossuary  | Entered an ossuary
  2371 | Ossuary  | Reached XP level 7. HP: 56/59 MP: 6/6
  2475 | Ossuary  | Reached skill level 5 in Axes
  2917 | D:4      | Found a sparkling altar of Nemelex Xobeh.
  3040 | D:4      | Found a basalt altar of Yredelemnul.
  3261 | D:5      | Entered Level 5 of the Dungeon
  3340 | D:5      | Reached XP level 8. HP: 57/67 MP: 7/7
  3940 | D:6      | Found Wivuorim's Distillery.
  3952 | D:6      | Bought a potion of might for 52 gold pieces
  3952 | D:6      | Bought a potion of curing for 39 gold pieces
  3990 | D:6      | Reached skill level 6 in Axes
  4133 | D:6      | Found a staircase to the Ecumenical Temple.
  4144 | D:6      | Reached skill level 1 in Shields
  4145 | D:6      | Noticed Grinder
  4148 | Temple   | Entered the Ecumenical Temple
  4322 | Temple   | Became a worshipper of Warmaster Okawaru
  4368 | D:6      | Paralysed by Grinder for 6 turns
  4377 | D:6      | Killed Grinder
  4377 | D:6      | Reached skill level 5 in Fighting
  4377 | D:6      | Reached skill level 1 in Invocations
  4566 | D:6      | Found a glowing drain.
  4585 | Sewer    | Entered a sewer
  4992 | D:6      | Reached skill level 5 in Armour
  5039 | D:6      | Found a burning altar of Makhleb.
  5113 | D:7      | Reached * piety under Okawaru
  5255 | D:7      | Reached XP level 9. HP: 62/74 MP: 6/9
  5269 | D:7      | Reached skill level 7 in Axes
  5295 | D:7      | Found a sacrificial altar of Ru.
  5536 | D:7      | Noticed Pikel
  5557 | D:7      | Killed Pikel
  5741 | D:8      | Noticed Grum
  5767 | D:7      | Reached ** piety under Okawaru
  6025 | D:8      | Killed Grum
  6192 | D:8      | Reached skill level 8 in Axes
  6234 | D:8      | Found Gozag's Platinum Reserve.
  6243 | D:8      | Found an opulent altar of Gozag.
  6377 | D:8      | Noticed Psyche
  6396 | D:8      | Killed Psyche
  6396 | D:8      | Reached XP level 10. HP: 75/84 MP: 9/12
  6458 | D:8      | You fall through a shaft for 2 floors!
  6458 | D:10     | Entered Level 10 of the Dungeon
  6616 | D:9      | Noticed a hand axe
  6616 | D:9      | Noticed a hand axe
  6666 | D:9      | Found Vaycs's Food Shop.
  6873 | D:8      | Found a staircase to the Lair.
  6997 | D:8      | Found a deep blue altar of Sif Muna.
  7068 | D:8      | Reached skill level 5 in Invocations
  7079 | D:8      | Reached skill level 9 in Axes
  7093 | D:8      | Reached *** piety under Okawaru
  7334 | D:9      | Found a hide-covered altar of Uskayaw.
  7536 | D:9      | Reached **** piety under Okawaru
  7536 | D:9      | Reached XP level 11. HP: 70/94 MP: 14/14
  7887 | D:9      | Found Qaiwuol's Serpentskin Sales.
  7901 | D:9      | Reached skill level 10 in Axes
  8096 | D:10     | Noticed a two-headed ogre
  8163 | D:10     | Killed a two-headed ogre
  8163 | D:10     | Reached ***** piety under Okawaru
  8536 | Lair:1   | Entered Level 1 of the Lair of Beasts
  8628 | Lair:1   | Received a gift from Okawaru
  8638 | Lair:1   | Got a crude fustibalus {god gift}
  8639 | Lair:1   | Identified the +1 fustibalus "Beetle's Curse" {velocity,
                  | Fragile rN+ Dex+6 Stlth+} (Okawaru gifted it to you on
                  | level 1 of the Lair of Beasts)
  9535 | Lair:2   | Reached skill level 11 in Axes
  9699 | Lair:2   | Reached XP level 12. HP: 74/104 MP: 16/16
 10377 | Lair:3   | Found a labyrinth entrance.
 10393 | Lab      | Entered a labyrinth
 10679 | Lab      | Noticed a minotaur
 10703 | Lab      | Killed a minotaur
 10721 | Lab      | Identified the Collected Works on Beguiling
 10723 | Lab      | Got an ichor-stained cloak
 10727 | Lab      | Identified the +0 cloak of Huor {rElec rCorr Str+7 Slay-4}
                  | (You found it in a labyrinth)
 11303 | Lair:4   | Found a frozen archway.
 11324 | Lair:4   | Noticed a four-headed hydra
 11342 | Lair:4   | Killed a four-headed hydra
 11360 | IceCv    | Entered an ice cave
 11793 | IceCv    | Reached skill level 10 in Fighting
 12651 | IceCv    | Reached skill level 12 in Axes
 12675 | IceCv    | Received a gift from Okawaru
 12812 | IceCv    | Found an ancient bone altar of Kikubaaqudgha.
 13382 | Lair:4   | HP: 3/107 [oklob plant/splash of acid (4)]
 13382 | Lair:4   | Splashed by an oklob plant's acid

Skill      XL: |  1  2  3  4  5  6  7  8  9 10 11 12 |
---------------+-------------------------------------+-----
Axes           | 3 4 5 6 8 9 11 12 | 12.2
Stealth        | 1 |  1.8
Armour         | 1 2 3 4 5 6 7 8 9 |  9.1
Fighting       | 3 4 5 6 7 9 10 | 10.4
Shields        | 2 3 4 |  4.5
Invocations    | 2 4 5 7 9 |  9.1
Throwing       | |  1.7
Dodging        | |  2.6

Action                   |  1- 3 |  4- 6 |  7- 9 | 10-12 || total
-------------------------+-------+-------+-------+-------++-------
Melee: War axe           |    53 |       |       |       ||    53
       Hand axe          |    38 |   257 |   567 |   881 ||  1743
       Punch             |       |       |     1 |     7 ||     8
       Whip              |       |       |       |   566 ||   566
Throw: Throwing net      |       |       |     3 |     3 ||     6
Invok: Heroism           |       |       |     5 |    22 ||    27
       Finesse           |       |       |       |     6 ||     6
Evoke: Wand              |       |       |       |     2 ||     2
  Use: Scroll            |       |    10 |     1 |    10 ||    21
       Potion            |       |       |     1 |     3 ||     4
 Stab: Sleeping          |     2 |       |       |       ||     2
       Held in net/web   |       |       |     2 |     7 ||     9
  Eat: Chunk             |    10 |    12 |    21 |    69 ||   112
       Ration            |       |       |       |     1 ||     1
Armor: Leather armour    |    23 |    20 |       |       ||    43
       Chain mail        |       |   118 |   364 |   722 ||  1204
Dodge: Dodged            |    52 |   104 |   247 |   521 ||   924
Block: Buckler           |       |       |       |   172 ||   172
